 Dungeon Crawl Stone Soup version 0.31.0-7-gf635a9b802 (webtiles) character file.

Game seed: 14252363772702096021

331526 barbarian the Axe Maniac (level 20, 0/270 (297) HPs)
             Began as a Minotaur Berserker on Jan 23, 2024.
             Was the Champion of Trog.
             Succumbed to a deep elf annihilator's poison arrow
             ... on level 4 of the Vaults.
             The game lasted 01:32:22 (37591 turns).

barbarian the Axe Maniac (Minotaur Berserker)      Turns: 37591, Time: 01:32:23

HP:   0/270 (297)   AC: 37    Str: 35    XL:     20   Next: 87%
MP:   19/19         EV: 18    Int:  4    God:    Trog [******]
Gold: 3811          SH: 11    Dex: 11    Spells: 19/19 levels left

rFire   + + +        B - +9 broad axe (flame)
rCold   + . .        E - +1 buckler {AC+3}
rNeg    . . .        Z - +11 scale mail of Vlad {rF+ Regen+ SInv}
rPois   +            g - +0 hat {Stlth+}
rElec   +            V - +2 cloak {rF+}
rCorr   .            L - +2 pair of gloves of Valiance {rElec Str+7 Dex-2}
SInv    +            l - +2 pair of boots
Will    .....        x - amulet of reflection Stlth
                     S - ring of protection from cold
HPRegen 1.45/turn    X - ring of protection from fire
MPRegen 0.16/turn

%: reflection
@: berserking, lethally poisoned (0 -> -2), weak-willed, slowed, drained
A: horns 2, retaliatory headbutt, hooves 1, thin skeletal structure 1, clumsy 1,
mutation resistance 1, poison resistance, subdued magic 1
}: 2/15 runes: decaying, gossamer
a: Renounce Religion, Berserk, Trog's Hand, Brothers in Arms


You were on level 4 of the Vaults.
You worshipped Trog.
Trog was exalted by your worship.
You visited 7 branches of the dungeon, and saw 36 of its levels.
You visited 1 bazaar.
You also visited: Sewer, Ossuary, Ice Cave and Volcano.

You collected 5550 gold pieces.
You spent 1739 gold pieces at shops.

Inventory:

Hand Weapons
 i - a +4 antimagic war axe
 B - a +9 broad axe of flaming (weapon)
 T - a +1 antimagic executioner's axe
Armour
 g - a +0 hat of stealth (worn)
 l - a +2 pair of boots (worn)
 E - a +1 buckler of protection (worn)
 L - the +2 pair of gloves of Valiance (worn) {rElec Str+7 Dex-2}
   (You found it on level 2 of the Vaults)

   Str+7:     It affects your strength (+7).
   Dex-2:     It affects your dexterity (-2).
   rElec:     It insulates you from electricity.
 P - the +7 faerie dragon scales {Rampage Fly rCorr Str-4}
   (You took it off the Enchantress on level 1 of the Depths)

   Str-4:     It affects your strength (-4).
   Fly:       It grants you flight.
   rCorr:     It protects you from acid and corrosion.
   Rampage:   It bestows one free step when moving towards enemies.
 U - +0 fire dragon scales
 V - a +2 cloak of fire resistance (worn)
 Y - the +4 skin of Zhor {*Englaciate rC+++ SInv}
   (You found it in an ice cave)

   *Englaciate: It radiates cold, occasionally slowing all nearby creatures who
   are not resistant to cold.
   rC+++:     It renders you almost immune to cold.
   SInv:      It lets you see invisible.
 Z - the +11 scale mail of Vlad (worn) {rF+ Regen+ SInv}
   (You found it in an ice cave)

   rF+:       It protects you from fire.
   SInv:      It lets you see invisible.
   Regen+:    It increases your rate of health regeneration.
Jewellery
 h - a +4 ring of protection
 w - a ring of positive energy
 x - an amulet of reflection (around neck)
 F - a ring of see invisible
 O - a +6 ring of strength
 S - a ring of protection from cold (left hand)
 X - a ring of protection from fire (right hand)
Wands
 d - a wand of acid (14)
 u - a wand of digging (9)
 R - a wand of roots (31)
Scrolls
 b - 17 scrolls of teleportation
 f - 2 scrolls of blinking
 j - 7 scrolls of immolation
 k - 9 scrolls of fear
 n - 9 scrolls of fog
 r - a scroll of torment {unknown}
 t - 7 scrolls of revelation
 y - 9 scrolls of poison
 A - 8 scrolls of enchant armour
 I - 4 scrolls of brand weapon
 M - 6 scrolls of butterflies
 N - a scroll of silence {unknown}
 W - a scroll of acquirement {unknown}
Potions
 a - 5 potions of resistance
 e - 5 potions of enlightenment
 m - 2 potions of invisibility {unknown}
 o - 23 potions of heal wounds
 p - 10 potions of curing
 q - 10 potions of brilliance
 v - a potion of lignification
 z - 7 potions of haste
 C - 15 potions of mutation
 D - 8 potions of berserk rage
 G - 2 potions of cancellation
 H - 5 potions of might {unknown}
 J - 4 potions of magic {unknown}
 K - 4 potions of attraction
 Q - 7 potions of ambrosia
Miscellaneous
 c - a lightning rod (4/4)
 s - a tin of tremorstones (2/2)


   Skills:
 + Level 21.1 Fighting
 O Level 27 Axes
 + Level 20.9 Armour
 + Level 19.3 Dodging
 - Level 8.1 Shields


You had 19 spell levels left.
You didn't know any spells.
Your spell library was empty.

Dungeon Overview and Level Annotations

Branches:
Dungeon (15/15)            Temple (0/1) D:7            Lair (5/5) D:8
  Swamp (4/4) Lair:2       Spider (4/4) Lair:3        Slime (0/5) Lair:4
    Orc (2/2) D:9             Elf (0/3) Orc:2        Vaults (5/5) D:13
  Crypt (0/3) Vaults:2     Depths (1/4) D:15          Sewer (visited)
Ossuary (visited)           IceCv (visited)         Volcano (visited)

Altars:
Ashenzari
Cheibriados
Dithmenos
Elyvilon
Fedhas
Gozag
Hepliaklqana
Ru
Trog
Uskayaw
The Shining One
Jiyva

Shops:
D:4 ?   Orc:2 (![*   Vaults:3 [   Vaults:4 =   Depths:1 *

Portals:
Hell: Depths:1
Trove: D:12 (show slimy rune of Zot)

Annotations:
D:13 1 runed translucent door
Orc:2 3 runed translucent doors, theswoord's ghost, journeyman DsGl


Innate Abilities, Weirdness & Mutations

You have a pair of horns on your head.
You reflexively headbutt those who attack you in melee.
You have large cloven feet.
You have a somewhat thin skeletal structure. (Dex +2, Stealth+)
You are clumsy. (Dex -2)
You are somewhat resistant to further mutation.
Your system is resistant to poisons. (rPois)
Your spells are a little easier to cast, but a little less powerful.


Message History

* * * LOW HITPOINT WARNING * * *
The ghostly ironbound preserver hits you but does no damage.
The ghostly ironbound preserver hits you with a +0 flail!
* * * LOW HITPOINT WARNING * * *
You turn to flesh and can move again.
There is a stone staircase leading down, spattered with blood here.
Things that are here:
a +0 ring mail; a +0 long sword You feel better.
The ghostly ironbound preserver hits you with a +0 flail.
* * * LOW HITPOINT WARNING * * *
The deep elf annihilator gestures at you while chanting.
The poison arrow hits you!
You are poisoned.
You partially resist.
* * * LOW HITPOINT WARNING * * *
Okay, then.
A red film seems to cover your vision as you go berserk!
You feel yourself moving faster!
You feel mighty!
* * * LOW HITPOINT WARNING * * *
You feel very sick.
The ghostly ironbound preserver casts a spell.
The ghostly ironbound preserver begins to accept its allies' injuries.
The deep elf annihilator casts a spell.
The deep elf annihilator blinks!
The ghostly ironbound preserver hits you with a +0 flail.
* * * LOW HITPOINT WARNING * * *
The deep elf annihilator gestures at you while chanting.
The poison arrow misses you.
You are too berserk!
You chop the ghostly ironbound preserver into pieces!!!
You burn the ghostly ironbound preserver!
The ghostly ironbound preserver is moderately damaged.
* * * LOW HITPOINT WARNING * * *
You feel sick.
You chop the ghostly ironbound preserver into pieces!!!
You burn the ghostly ironbound preserver!!
You headbutt the ghostly ironbound preserver!
The ghostly ironbound preserver is almost destroyed.
You die...

.....................#
.....................#
##########'#######+###
....# #..##..##..#
....# #..##..##..#
'##### #..##..##..#
รท....#####..##..##..#
####.#..##.e...p.[<.#
...#.#..##.....[@(..#
...#.#..####..##[[###
...#.'..# #..##..#
...#.#..# #..##..#
...#.#..# #..##..#
####.#..########++#
.....#####........#
'##### #........#
....# #........#


You could see a ghostly ironbound preserver and a deep elf annihilator
(sheltered).

Vanquished Creatures
  Arachne (Spider:2)
  the Enchantress (Depths:1)
  The ghost of heinrich the Heavyweight Champion, an adept TrMo of Ru (Vaults:2)
  A lich (D:13)
  3 tentacled monstrosities (Vaults:2)
  A tengu reaver (D:12)
  Roxanne (D:15)
  2 thorn hunters (Swamp:4)
  Aizul (Spider:1)
  A fenstrider witch (Swamp:2)
  A fire giant (Depths:1)
  9 vault wardens
  5 emperor scorpions
  3 spriggan defenders (Depths:1)
  4 ghost moths
  4 stone giants
  7 ironbound thunderhulks
  A cacodemon (Vaults:2)
  11 very ugly things
  3 broodmothers
  12 ironbound preservers
  A deep elf demonologist (Vaults:5)
  6 dire elephants
  6 bunyips
  5 eleionomae
  2 war gargoyles (Vaults:4)
  2 spark wasps (Spider:4)
  The ghost of Mebb the Imperceptible, a journeyman SpEn of Gozag (D:13)
  3 crystal guardians
  2 fire dragons
  2 shambling mangroves
  8 yaktaur captains
  7 entropy weavers
  9 great orbs of eyes
  28 vault guards
  A rakshasa (Depths:1)
  5 ice dragons
  A catoblepas (D:14)
  17 alligators
  4 peacekeepers
  A jorogumo (Spider:2)
  4 spriggan air magi (Depths:1)
  11 boulder beetles
  A death knight (D:15)
  7 ironbound frosthearts
  28 hydras
  3 radroaches
  9 centaur warriors
  3 two-headed ogres
  An anaconda (Lair:5)
  A deep troll earth mage (D:13)
  2 death scarabs (Spider:4)
  A hell hog (Lair:5)
  A deep troll shaman (Depths:1)
  11 demonic crawlers
  2 vampire magi (Depths:1)
  A spriggan berserker (Depths:1)
  An iron troll (Depths:1)
  2 goliath frogs
  8 pharaoh ants
  10 skeletal warriors
  3 glowing orange brains
  39 deep trolls
  2 flayed ghosts (Depths:1)
  9 orb spiders
  A mana viper (shapeshifter) (D:13)
  5 spriggan druids
  4 bog bodies
  9 swamp dragons
  8 arcanists
  3 orc knights
  8 steelbarb worms
  A tengu zombie (Vaults:1)
  15 lindwurms
  A phantasmal warrior (D:15)
  3 deep elf pyromancers
  8 harpies
  18 ironbound convokers
  5 necromancers
  A spectral wolf spider (Spider:4)
  3 orc sorcerers
  41 ugly things
  16 wolf spiders
  2 will-o-the-wisps
  4 manticores
  A moth of wrath (shapeshifter) (Vaults:2)
  3 meliai (Spider:1)
  3 moths of wrath
  6 cyclopes
  10 slime creatures
  A faun (shapeshifter) (Vaults:2)
  A frost giant zombie (Vaults:1)
  7 elephants (Lair:5)
  3 kobold blastminers (Orc:2)
  10 vault sentinels
  3 ice statues (IceCv)
  4 black mambas
  A torpor snail (shapeshifter) (Vaults:2)
  4 smoke demons (Volcano)
  5 gargoyles
  10 cane toads
  4 torpor snails
  A rime drake (shapeshifter) (D:15)
  3 rime drakes
  A spectral redback (Spider:4)
  10 komodo dragons
  21 yaktaurs
  4 freezing wraiths
  A redback zombie (Spider:4)
  2 anaconda simulacra (IceCv)
  2 human skeletons
  9 trolls
  2 spectral culicivoras (Spider:4)
  6 tyrant leeches
  24 tarantellas
  11 polar bears (Lair:5)
  3 spectral jumping spiders (Spider:4)
  6 hornets
  4 dream sheep (Lair:2)
  A glass eye (Depths:1)
  A tarantella zombie (Spider:4)
  5 raiju (Lair:5)
  A spectral tarantella (Spider:4)
  2 jumping spider zombies (Spider:4)
  17 blink frogs
  27 jumping spiders
  A frost giant simulacrum (Vaults:1)
  A culicivora (shapeshifter) (Vaults:2)
  A dire elephant simulacrum (IceCv)
  25 culicivoras
  2 vampires (D:13)
  5 wraiths
  5 spriggans
  A jumping spider (shapeshifter) (Vaults:2)
  71 yaks
  A shadow (D:12)
  3 water elementals
  4 wyverns
  The ghost of flestrin the Slasher, an amateur MiFi of the Shining One (D:4)
  2 hogs (shapeshifter)
  Eustachio (D:6)
  9 steam dragons
  A warg (shapeshifter) (D:15)
  9 wargs
  10 basilisks
  6 humans (D:13)
  16 vampire mosquitoes
  Menkaure (D:4)
  An ogre zombie (Vaults:4)
  56 redbacks
  A harpy simulacrum (IceCv)
  14 swamp worms
  3 acid dragons
  Edmund (D:4)
  13 hell hounds
  3 hydra simulacra
  A glowing shapeshifter zombie (Vaults:1)
  18 water moccasins
  A glowing shapeshifter skeleton (Vaults:4)
  Duvessa (D:4)
  11 swamp drakes
  An ice beast (D:8)
  37 orc warriors
  13 black bears
  22 wolves
  3 laughing skulls
  A tengu (shapeshifter) (Vaults:2)
  13 centaurs
  6 ogres
  8 kobold brigands
  6 bullfrogs
  4 scorpions
  2 gnoll sergeants
  A cane toad simulacrum (IceCv)
  4 wights
  Dowan (D:4)
  5 elephant simulacra
  7 electric eels
  5 howler monkeys
  3 bombardier beetles
  A crimson imp (D:4)
  10 orc priests
  2 jellies (D:6)
  3 gnoll boudas
  4 hounds
  A sleepcap (D:7)
  5 iguanas
  20 orc wizards
  A hell rat (Lair:5)
  A polar bear simulacrum (IceCv)
  A wolf simulacrum (IceCv)
  8 mummies (Ossuary)
  22 gnolls
  2 river rats (D:6)
  9 adders
  A shadow imp (D:6)
  4 white imps
  5 hell rat simulacra (Lair:5)
  A dart slug (D:1)
  3 ribbon worms
  62 orcs
  5 endoplasms
  5 giant cockroaches
  7 goblins
  4 hobgoblins
  28 kobolds
  2 quokkas (D:1)
  7 ball pythons
  4 bats
  8 frilled lizards
  2 hobgoblin zombies (Ossuary)
  4 kobold zombies (Ossuary)
  2 orc zombies (Ossuary)
  10 rats
1436 creatures vanquished.

Vanquished Creatures (collateral kills)
  4 death scarabs (Spider:4)
  2 wolf spider zombies (Spider:4)
  A cane toad (shapeshifter) (Vaults:2)
  A spectral redback (Spider:4)
  A troll (shapeshifter) (Vaults:2)
  A spectral tarantella (Spider:4)
  A culicivora zombie (Spider:4)
11 creatures vanquished.

Vanquished Creatures (others)
  A vault guard (D:13)
  A two-headed ogre (D:13)
  A bloated husk (Swamp:4)
  2 orcs (D:6)
  A quokka (D:15)
  8 foxfires
14 creatures vanquished.

Grand Total: 1461 creatures vanquished

Notes
Turn   | Place    | Note
-------+----------+-------------------------------------------
     0 | D:1      | barbarian the Minotaur Berserker began the quest for the
                  | Orb.
     0 | D:1      | Reached XP level 1. HP: 19/19 MP: 0/0
   288 | D:1      | Reached XP level 2. HP: 22/27 MP: 1/1
   844 | D:2      | Reached skill level 4 in Axes
   849 | D:2      | Reached XP level 3. HP: 24/33 MP: 2/2
   897 | D:2      | Reached ** piety under Trog
  1375 | D:2      | Reached XP level 4. HP: 38/40 MP: 3/3
  1824 | D:3      | Found a blossoming altar of Fedhas.
  1963 | D:3      | Found a faded altar of an unknown god.
  2017 | D:3      | Found a broken altar of Ashenzari.
  2422 | D:4      | Noticed flestrin's ghost (amateur MiFi)
  2425 | D:4      | Found a runed translucent door.
  2432 | D:4      | Noticed a steam dragon
  2443 | D:4      | Killed a steam dragon
  2444 | D:4      | Reached skill level 5 in Fighting
  2444 | D:4      | Reached skill level 5 in Axes
  2444 | D:4      | Reached XP level 5. HP: 48/48 MP: 4/4
  2452 | D:4      | Reached XP level 6. HP: 41/56 MP: 5/5
  2520 | D:4      | Killed flestrin's ghost
  2524 | D:4      | Found Nourupag's Magic Scroll Emporium.
  2533 | D:4      | Reached skill level 5 in Armour
  2562 | D:4      | Bought a scroll of teleportation for 39 gold pieces
  2562 | D:4      | Bought a scroll of identify for 26 gold pieces
  2584 | D:4      | Reached XP level 7. HP: 29/60 MP: 6/6
  2760 | D:4      | Noticed Duvessa
  2760 | D:4      | Noticed Dowan
  2772 | D:4      | Killed Duvessa
  2772 | D:4      | Killed Dowan
  2773 | D:4      | Reached skill level 6 in Axes
  2798 | D:4      | Identified the +7 quarterstaff of the Winnowing Gods
                  | {flame, ^Contam *Corrode rElec rN+++}
  2814 | D:4      | Noticed Menkaure
  2822 | D:4      | Killed Menkaure
  2823 | D:4      | Reached skill level 5 in Dodging
  3072 | D:4      | Found a snail-covered altar of Cheibriados.
  3106 | D:4      | Noticed Edmund
  3119 | D:4      | Killed Edmund
  3120 | D:4      | Reached XP level 8. HP: 71/71 MP: 7/7
  3316 | D:5      | Entered Level 5 of the Dungeon
  3349 | D:5      | Found an opulent altar of Gozag.
  3691 | D:5      | Found a sand-covered staircase.
  3698 | Ossuary  | Entered an ossuary
  3717 | Ossuary  | Reached *** piety under Trog
  3729 | Ossuary  | Reached skill level 7 in Axes
  4631 | D:6      | Found a glowing drain.
  4640 | Sewer    | Entered a sewer
  5280 | D:6      | Reached XP level 9. HP: 63/74 MP: 8/8
  5287 | D:6      | Reached skill level 8 in Axes
  5339 | D:6      | Found a bloodstained altar of Trog.
  5671 | D:6      | Noticed Eustachio
  5716 | D:6      | Killed Eustachio
  5953 | D:7      | Reached **** piety under Trog
  6475 | D:7      | Reached skill level 9 in Axes
  6655 | D:7      | Found a staircase to the Ecumenical Temple.
  6909 | D:8      | Reached ***** piety under Trog
  7049 | D:8      | Found a staircase to the Lair.
  7268 | D:8      | Noticed a two-headed ogre
  7273 | D:8      | Killed a two-headed ogre
  7274 | D:8      | Reached XP level 10. HP: 91/91 MP: 9/9
  7511 | D:9      | Noticed a gargoyle
  7525 | D:9      | Killed a gargoyle
  7876 | D:9      | Found a hide-covered altar of Uskayaw.
  7879 | D:9      | Noticed a +0 hand axe
  7880 | D:9      | Noticed a +0 hand axe
  7881 | D:9      | Found a staircase to the Orcish Mines.
  7992 | D:9      | Found a sacrificial altar of Ru.
  7997 | D:9      | Found a shadowy altar of Dithmenos.
  8297 | D:9      | Reached skill level 10 in Fighting
  8301 | D:9      | Reached skill level 10 in Axes
  8482 | D:10     | Entered Level 10 of the Dungeon
  8534 | D:10     | Identified the +4 rapier of Mens Rea {flame, rElec}
  8625 | D:10     | Reached skill level 10 in Armour
  8867 | D:10     | Received a gift from Trog
  9261 | D:10     | Reached skill level 1 in Shields
  9485 | D:11     | Noticed a skeletal warrior
  9527 | D:11     | Killed a skeletal warrior
  9528 | D:11     | Reached XP level 11. HP: 48/101 MP: 10/10
  9687 | D:11     | Noticed a skeletal warrior
  9688 | D:11     | Noticed a skeletal warrior
  9688 | D:11     | Noticed a skeletal warrior
  9722 | D:11     | Noticed a boulder beetle
  9782 | D:10     | Killed a boulder beetle
  9857 | Lair:1   | Entered Level 1 of the Lair of Beasts
  9866 | Lair:1   | Reached skill level 11 in Axes
 10236 | Lair:1   | Reached skill level 10 in Dodging
 10842 | Lair:1   | Noticed an eight-headed hydra
 10859 | Lair:1   | Killed an eight-headed hydra
 10860 | Lair:1   | Reached skill level 5 in Shields
 11065 | Lair:1   | Gained mutation: You sometimes lose your temper in combat.
                  | [mutagenic glow]
 11332 | Lair:1   | Identified the +1 helmet "Wytamn" {*Corrode rF++ Dex+9}
 11432 | Lair:2   | Reached skill level 12 in Axes
 11434 | Lair:2   | Reached XP level 12. HP: 48/112 MP: 11/11
 11763 | Lair:1   | Lost mutation: You sometimes lose your temper in combat.
                  | [potion of mutation]
 11763 | Lair:1   | Gained mutation: Armour fits poorly on your strangely
                  | shaped body. [potion of mutation]
 11764 | Lair:1   | Lost mutation: Armour fits poorly on your strangely shaped
                  | body. [potion of mutation]
 11764 | Lair:1   | Gained mutation: You are clumsy. (Dex -2) [potion of
                  | mutation]
 11764 | Lair:1   | Gained mutation: You possess an exceptional clarity of
                  | mind. [potion of mutation]
 11796 | Lair:2   | Noticed an eleionoma
 11827 | Lair:2   | Killed an eleionoma
 11863 | Lair:2   | Found a staircase to the Swamp.
 13032 | Lair:2   | Lost mutation: You possess an exceptional clarity of mind.
                  | [potion of mutation]
 13032 | Lair:2   | Lost mutation: You are clumsy. (Dex -2) [potion of
                  | mutation]
 13032 | Lair:2   | Gained mutation: You occasionally lose the ability to read
                  | scrolls when taking damage. [potion of mutation]
 13032 | Lair:2   | Gained mutation: Your health recovers twice as slowly from
                  | being drained. [potion of mutation]
 13033 | Lair:2   | Lost mutation: Your health recovers twice as slowly from
                  | being drained. [potion of mutation]
 13033 | Lair:2   | Lost mutation: You occasionally lose the ability to read
                  | scrolls when taking damage. [potion of mutation]
 13033 | Lair:2   | Gained mutation: You occasionally lose the ability to read
                  | scrolls when taking damage. [potion of mutation]
 13033 | Lair:2   | Gained mutation: You are partially covered in iridescent
                  | scales. (AC +2) [potion of mutation]
 13034 | Lair:2   | Lost mutation: You occasionally lose the ability to read
                  | scrolls when taking damage. [potion of mutation]
 13034 | Lair:2   | Lost mutation: You are partially covered in iridescent
                  | scales. (AC +2) [potion of mutation]
 13034 | Lair:2   | Gained mutation: Armour fits poorly on your strangely
                  | shaped body. [potion of mutation]
 13034 | Lair:2   | Gained mutation: You are partially covered in iridescent
                  | scales. (AC +2) [potion of mutation]
 13035 | Lair:2   | Lost mutation: You are partially covered in iridescent
                  | scales. (AC +2) [potion of mutation]
 13035 | Lair:2   | Lost mutation: Armour fits poorly on your strangely shaped
                  | body. [potion of mutation]
 13035 | Lair:2   | Gained mutation: You are resistant to electric shocks.
                  | (rElec) [potion of mutation]
 13035 | Lair:2   | Gained mutation: You are frail. (-10% HP) [potion of
                  | mutation]
 13035 | Lair:2   | Lost mutation: You are frail. (-10% HP) [potion of
                  | mutation]
 13036 | Lair:2   | Lost mutation: You are resistant to electric shocks.
                  | (rElec) [potion of mutation]
 13036 | Lair:2   | Gained mutation: Your magical capacity is low. (-10% MP)
                  | [potion of mutation]
 13036 | Lair:2   | Gained mutation: Your system is resistant to poisons.
                  | (rPois) [potion of mutation]
 13100 | Lair:3   | Found a hole to the Spider Nest.
 14600 | Lair:4   | Found a dark tunnel.
 14614 | Volcano  | Entered a volcano
 14687 | Volcano  | Reached skill level 13 in Axes
 15142 | Volcano  | Reached XP level 13. HP: 119/122 MP: 10/10
 15218 | Volcano  | Noticed a fire dragon
 15235 | Volcano  | Killed a fire dragon
 15466 | Lair:4   | Found a staircase to the Slime Pits.
 15466 | Lair:4   | Found a viscous altar of Jiyva.
 15839 | Lair:5   | Entered Level 5 of the Lair of Beasts
 15910 | Lair:5   | Found a frozen archway.
 15934 | IceCv    | Entered an ice cave
 16081 | IceCv    | Found the +4 skin of Zhor {*Englaciate rC+++ SInv}
 16095 | IceCv    | Identified the +1 trident of Ru, Loving {flame, Stlth+}
 16414 | IceCv    | Identified the +1 executioner's axe of the Harvest {heavy,
                  | *Corrode Int+5}
 16421 | IceCv    | Identified the +11 scale mail of Vlad {rF+ Regen+ SInv}
 16592 | Lair:5   | Reached ****** piety under Trog
 16620 | Lair:5   | Received a gift from Trog
 16695 | Lair:5   | Reached skill level 14 in Axes
 16801 | Lair:5   | Reached skill level 15 in Axes
 17084 | Lair:5   | Reached skill level 16 in Axes
 17091 | Lair:5   | Reached XP level 14. HP: 105/132 MP: 11/11
 17276 | Lair:5   | Reached skill level 17 in Axes
 17502 | Lair:5   | Received a gift from Trog
 17711 | Orc:1    | Entered Level 1 of the Orcish Mines
 18208 | Orc:1    | Reached skill level 18 in Axes
 18374 | Orc:2    | Entered Level 2 of the Orcish Mines
 18506 | Orc:2    | Received a gift from Trog
 18570 | Orc:2    | Found a staircase to the Elven Halls.
 18596 | Orc:2    | Found a runed translucent gate.
 18596 | Orc:2    | Found a runed translucent gate.
 18660 | Orc:2    | Found a runed translucent gate.
 18662 | Orc:2    | Noticed theswoord's ghost (journeyman DsGl)
 18662 | Orc:2    | Identified the amulet of Descent {RegenMP Str+4}
 18826 | Orc:2    | Reached skill level 19 in Axes
 18905 | Orc:2    | Found Raetuy's Armour Boutique.
 18905 | Orc:2    | Found Xior's Distillery.
 18907 | Orc:2    | Found Onoh's Antique Weapon Emporium.
 18909 | Orc:2    | Found Caoguy's General Store.
 18921 | Orc:2    | Bought a scroll of identify for 28 gold pieces
 18921 | Orc:2    | Bought a potion of heal wounds for 70 gold pieces
 18921 | Orc:2    | Bought 2 potions of haste for 280 gold pieces
 18924 | Orc:2    | Bought a potion of mutation for 128 gold pieces
 18924 | Orc:2    | Bought a potion of resistance for 160 gold pieces
 18924 | Orc:2    | Bought a potion of heal wounds for 80 gold pieces
 18924 | Orc:2    | Bought a potion of mutation for 128 gold pieces
 19103 | Swamp:1  | Entered Level 1 of the Swamp
 19112 | Swamp:1  | Identified the +0 robe of Vexation {rC+}
 19272 | Swamp:1  | Reached skill level 20 in Axes
 19880 | Swamp:2  | Reached XP level 15. HP: 137/138 MP: 12/12
 20034 | Swamp:2  | Noticed a fenstrider witch
 20049 | Swamp:2  | Killed a fenstrider witch
 20066 | Swamp:2  | Found the +2 Maxwell's thermic engine {flame, freeze, rev}
 20182 | Swamp:2  | Received a gift from Trog
 20183 | Swamp:2  | Reached skill level 21 in Axes
 20429 | Swamp:3  | Reached skill level 22 in Axes
 20849 | Swamp:4  | Entered Level 4 of the Swamp
 20953 | Swamp:4  | Identified the +9 battleaxe of the Dove {heavy, rC+} (Trog
                  | gifted it to you on level 4 of the Swamp)
 20953 | Swamp:4  | Received a gift from Trog
 20958 | Swamp:4  | Noticed a thorn hunter
 20966 | Swamp:4  | Reached skill level 23 in Axes
 20978 | Swamp:4  | Killed a thorn hunter
 21141 | Swamp:4  | Noticed a thorn hunter
 21154 | Swamp:4  | Killed a thorn hunter
 21170 | Swamp:4  | Reached XP level 16. HP: 104/146 MP: 13/13
 21198 | Swamp:4  | Reached skill level 24 in Axes
 21234 | Swamp:4  | Got a decaying rune of Zot
 21645 | Spider:1 | Entered Level 1 of the Spider Nest
 22073 | Spider:1 | Received a gift from Trog
 22151 | Spider:1 | Identified the serpent talisman of Batorra {rCorr Stlth+}
 22151 | Spider:1 | Noticed Aizul
 22162 | Spider:1 | Killed Aizul
 22630 | Spider:2 | Noticed Arachne
 22648 | Spider:2 | Killed Arachne
 22742 | Spider:2 | Reached skill level 15 in Fighting
 23216 | Spider:3 | Reached skill level 15 in Armour
 24430 | Spider:4 | Entered Level 4 of the Spider Nest
 24440 | Spider:4 | Reached XP level 17. HP: 82/156 MP: 14/14
 24443 | Spider:3 | Identified the +7 executioner's axe of the Candelabrum
                  | {heavy, rC+} (Trog gifted it to you on level 3 of the
                  | Spider Nest)
 24443 | Spider:3 | Received a gift from Trog
 25086 | Spider:4 | Reached skill level 25 in Axes
 25491 | Spider:4 | Received a gift from Trog
 25966 | Spider:4 | Identified the +4 leather armour "Cosinor" {rPois}
 26026 | Spider:4 | Reached skill level 15 in Dodging
 26204 | Spider:4 | Got a gossamer rune of Zot
 27258 | D:12     | Received a gift from Trog
 27561 | D:12     | Found a glowing golden altar of the Shining One.
 27598 | D:12     | Found a portal to a secret trove of treasure.
 28181 | D:13     | Identified the +6 chain mail "Wupun" {Slay+3}
 28188 | D:13     | Reached XP level 18. HP: 160/169 MP: 15/15
 28265 | D:13     | Found a runed translucent door.
 28266 | D:13     | Noticed a lich
 28267 | D:13     | Noticed Mebb's ghost (journeyman SpEn)
 28274 | D:13     | Found a runed translucent door.
 28290 | D:13     | Killed a lich
 28321 | D:13     | Killed Mebb's ghost
 28337 | D:13     | Identified the +3 mace of Ytheil {flame, *Slow Str+4 Int+8}
 28389 | D:13     | Received a gift from Trog
 28668 | D:13     | Found a gate to the Vaults.
 28970 | D:14     | Identified the +0 pair of boots of Tollesob {rF+ Will+
                  | SInv}
 29103 | D:14     | Found a faded altar of an unknown god.
 29103 | D:14     | Found a faded altar of an unknown god.
 29103 | D:14     | Found a hazy altar of Hepliaklqana.
 29585 | D:15     | Entered Level 15 of the Dungeon
 29810 | D:15     | Found a white marble altar of Elyvilon.
 29864 | D:15     | Noticed Roxanne
 29886 | D:15     | Killed Roxanne
 29887 | D:15     | Reached skill level 26 in Axes
 29923 | D:15     | Received a gift from Trog
 30110 | D:15     | Found a sacrificial altar of Ru.
 30230 | D:15     | Found a staircase to the Depths.
 30456 | Depths:1 | Entered Level 1 of the Depths
 30553 | Depths:1 | Noticed the Enchantress
 30598 | Depths:1 | Killed the Enchantress
 30906 | Depths:1 | Found Solets's Elemental Accessories.
 31030 | Depths:1 | Found a shadowy altar of Dithmenos.
 31559 | Depths:1 | Found a gateway to Hell.
 31590 | Depths:1 | Reached XP level 19. HP: 180/180 MP: 16/16
 31797 | Vaults:1 | Entered Level 1 of the Vaults
 31848 | Vaults:1 | Received a gift from Trog
 33219 | Vaults:2 | Found a gateway to a bazaar.
 33596 | Vaults:2 | Found a staircase to the Crypt.
 33649 | Vaults:2 | Found a runed translucent gate.
 33649 | Vaults:2 | Found a runed translucent gate.
 33649 | Vaults:2 | Found a runed translucent gate.
 33679 | Vaults:2 | Received a gift from Trog
 33848 | Vaults:2 | Found a runed translucent gate.
 33848 | Vaults:2 | Found a runed translucent gate.
 33855 | Vaults:2 | Noticed heinrich's ghost (adept TrMo)
 33856 | Vaults:2 | Found a runed translucent gate.
 33884 | Vaults:2 | Killed heinrich's ghost
 33931 | Vaults:2 | Identified the +2 pair of gloves of Valiance {rElec Str+7
                  | Dex-2}
 33932 | Vaults:2 | Gained mutation: You have large cloven feet. [mutagenic
                  | glow]
 33949 | Vaults:2 | Gained mutation: Your spells are a little easier to cast,
                  | but a little less powerful. [mutagenic glow]
 33966 | Vaults:2 | Gained mutation: You are clumsy. (Dex -2) [mutagenic glow]
 33978 | Vaults:2 | Gained mutation: You are weak. (Str -2) [mutagenic glow]
 33990 | Vaults:2 | Gained mutation: Armour fits poorly on your strangely
                  | shaped body. [mutagenic glow]
 34003 | Vaults:2 | Lost mutation: Your magical capacity is low. (-10% MP)
                  | [potion of mutation]
 34003 | Vaults:2 | Lost mutation: Armour fits poorly on your strangely shaped
                  | body. [potion of mutation]
 34003 | Vaults:2 | Lost mutation: You are weak. (Str -2) [potion of mutation]
 34003 | Vaults:2 | Gained mutation: You have a somewhat thin skeletal
                  | structure. (Dex +2, Stealth+) [potion of mutation]
 34003 | Vaults:2 | Gained mutation: You are somewhat resistant to further
                  | mutation. [potion of mutation]
 34089 | Vaults:2 | Reached skill level 27 in Axes
 34502 | Bazaar   | Entered a bazaar
 34504 | Bazaar   | Found Hiamag's Antique Weapon Boutique.
 34508 | Bazaar   | Found Imastrof's Book Boutique.
 34508 | Bazaar   | Found Immiptod's Jewellery Boutique.
 34508 | Bazaar   | Found Ozxit's Antique Armour Boutique.
 34524 | Bazaar   | Bought a ring of protection from cold for 300 gold pieces
 34607 | Vaults:3 | Found Temijim's Armour Shoppe.
 34930 | Vaults:3 | Reached XP level 20. HP: 193/193 MP: 19/19
 34970 | Vaults:3 | Received a gift from Trog
 36218 | Vaults:4 | Received a gift from Trog
 36574 | Vaults:4 | Found Darphid's Jewellery Shoppe.
 36578 | Vaults:4 | Bought a ring of protection from fire for 500 gold pieces
 37057 | Vaults:4 | Identified the +1 ring mail of the Lute {Dex+4}
 37165 | Vaults:5 | Entered Level 5 of the Vaults
 37175 | Vaults:5 | Received a gift from Trog
 37494 | Vaults:5 | Noticed a golden dragon
 37573 | Vaults:5 | Noticed an ancient lich
 37578 | Vaults:5 | Noticed a golden dragon
 37587 | Vaults:4 | HP: 7/180 [ghostly ironbound preserver/+0 flail (7)]
 37589 | Vaults:4 | HP: 1/270 [ghostly ironbound preserver/+0 flail (3)]
 37591 | Vaults:4 | Succumbed to a deep elf annihilator's poison arrow

Illustrated notes

Levels and vault maps discovered:
D:1:      minmay_arrival_nine_rooms, layout_loops_ring
D:2:      layout_basic, kennysheep_generic_room_13
D:3:      layout_loops_ring, fedhas_altar_3, ashenzari_conservatory_becter,
          dreamdust_ecumenical_altar_hidden_monk_grotto
D:4:      layout_rooms, chei_slow_surprise, serial_shops, shop,
          hellmonk_ghost_happy_afterlife, minmay_fire_ice_demons, uniq_menkaure,
          uniq_duvessa, uniq_edmund
D:5:      layout_gridville, grunt_gozag_statues, chequers_ossuary_entry_cave,
          minmay_misc_feat_tiny, hangedman_decor_diamond_cutter
D:6:      layout_cave_pools, mainiacjoe_overflow_catwalk, portal_sewer_entry_b,
          minmay_microvault, uniq_eustachio
D:7:      layout_rooms, minmay_temple_entry_grid, minmay_unpleasant_kobolds
D:8:      layout_basic, lair_entry_dummy, nicolae_elevator_lobby_plus
D:9:      layout_layer_cave, dancing_weapons_uskayaw,
          grunt_temple_overflow_open, orc_0_dummy
D:10:     layout_roguey
D:11:     layout_stronghold
D:12:     nzn_winding_woodlands_cross [nzn_winding_woodlands_5x15_sawtooth,
          nzn_winding_woodlands_5x15_sidewinder,
          nzn_winding_woodlands_5x15_pool, nzn_winding_woodlands_5x15_jagged,
          nzn_winding_woodlands_15x15_boxy_spiral], layout_basic, enter_trove_2,
          nicolae_tso_swordbearing_angel
D:13:     layout_rooms, ximxim_vaults_locker_room, muffindrake_ghost_dual_entry
D:14:     layout_loops_cross, kennysheep_boxes, minmay_misc_feat_doors,
          nicolae_hepliaklqana_ecumenical_no_more
D:15:     grunt_enter_depths_hoard, layout_irregular_city, elyvilon_altar_4,
          nicolae_ru_the_path_less_chosen, uniq_roxanne
Lair:1:   layout_roguey
Lair:2:   layout_regular_city, alex1729_swamp_entry_worm_eleionoma,
          infiniplex_staircase_pool_2
Lair:3:   layout_cave_pods, spider_nest_entry_web_field, beast_lair_carwin_11
Lair:4:   layout_roguey, slime_entry_1, enter_volcano_1
Lair:5:   hangedman_lair_caniforms_friends, layout_cave_pods,
          guppyfry_lair_end_dragon, portal_ice_cave_entry_pillars_2,
          eino_house_with_fridge, lemuel_fruit_fields
Swamp:1:  layout_basic_swamp, evilmike_swamp_ruin_house_5, swamp_pool_1_2
Swamp:2:  layout_basic_swamp, evilmike_swamp_ruin_rubble_1, swamp_pool_3,
          grunt_witch_cave, infiniplex_staircase_pool
Swamp:3:  layout_basic_swamp, hangedman_swamp_pad
Swamp:4:  swamp_alternative, layout_basic_swamp,
          nicolae_swamp_decorative_isthmus
Spider:1: layout_spider_delve, uniq_aizul
Spider:2: layout_spider_delve, uniq_arachne
Spider:3: layout_chambers
Spider:4: floodkiller_spider_rune_tomb, guppyfry_spider_mini_1
Orc:1:    layout_caves, basic_altar, nooodl_orcs_dogs
Orc:2:    st_orc_rangers, layout_caves, biasface_ghost_orc_armoury, basic_altar,
          blackcustard_rock_pile
Vaults:1: nicolae_vaults_tetromino_T_1, nicolae_vaults_ring_of_whatevers,
          v_misc_29, nicolae_vaults_hexular_roomagon, vaults_room_pools,
          nicolae_vaults_little_squares_5, nicolae_vaults_wrenched,
          vaults_room_semicircle, nicolae_vaults_three_branches,
          v_alt_pattern_4, layout_vaults_omnigrid
Vaults:2: ploomutoo_gammafunk_ghost_potion_laboratory,
          nicolae_vaults_wine_cellar, vaults_mumra_hexcomb, vaults_mumra_hex,
          nicolae_vaults_network_quincunx
          [nicolae_vaults_network_quincunx_subvault,
          nicolae_vaults_network_quincunx_subvault,
          nicolae_vaults_network_quincunx_subvault,
          nicolae_vaults_network_quincunx_subvault,
          nicolae_vaults_network_quincunx_subvault],
          nicolae_vaults_little_squares_4, minmay_crypt_entry_simple_walls,
          v_misc_30, hangedman_vaults_pinch, vaults_dpeg_cross,
          layout_vaults_omnibox, serial_shops, statue_bzr
Vaults:3: nicolae_vaults_rhombus_5, nicolae_vaults_diamond_1, vaults_room_grid,
          nicolae_vaults_lightning_bolt, nicolae_vaults_closet_pinwheel_6,
          ontoclasm_vaults_decontamination, nicolae_vaults_storage_closets_2,
          ontoclasm_vaults_fault, ontoclasm_vaults_pinch, ontoclasm_vaults_spin,
          nicolae_vaults_taking_the_gang_shopping, nicolae_vaults_circle_grid_b,
          nicolae_vaults_twisting_passages, v_rooms_3, v_misc_15,
          nicolae_vaults_offset_grid_hallway_1, layout_vaults_maze_snakey
Vaults:4: nicolae_vaults_diamond_1, nicolae_vaults_hallways_thing,
          vaults_room_boxed, nicolae_vaults_diagonal_hallway_8,
          grunt_vaults_trifunnel, nicolae_vaults_prndl,
          nicolae_vaults_little_squares_2, v_alt_pattern_6, v_pattern_4,
          nicolae_vaults_tetromino_L_2, vaults_dpeg_diagonal,
          nicolae_vaults_border_crossing, nicolae_vaults_closet_pinwheel_3,
          layout_vaults_big_cross, serial_shops, nicolae_shop_gaudy_bauble
Vaults:5
Depths:1: layout_basic, hell_entry, minmay_misc_feat_rows,
          amcnicky_mini_corridor_feature, nrook_loot_triangle,
          nicolae_elemental_shop, nicolae_dithmenos_the_darkroom,
          grunt_megastairs_2, firewood_loft, uniq_enchantress

Skill      XL: |  1  2  3  4  5  6  7  8  9 10 11 12 13 14 15 16 17 18 19 20 |
---------------+-------------------------------------------------------------+-----
Fighting       | 4 5 6 7 9 10 12 13 14 15 17 18 19 21 | 21.1
Axes           | 4 5 6 7 9 10 12 13 16 20 23 24 25 26 27 | 27.0
Armour         | 3 4 5 6 7 9 10 11 12 13 15 16 18 19 20 | 20.9
Dodging        | 3 4 5 6 8 9 10 11 12 14 15 16 18 19 | 19.3
Shields        | 2 5 8 |  8.1

Action                     |  1- 3 |  4- 6 |  7- 9 | 10-12 | 13-15 | 16-18 | 19-21 || total
---------------------------+-------+-------+-------+-------+-------+-------+-------++-------
  Melee: Hand axe          |    88 |    73 |   449 |   918 |    24 |       |       ||  1552
         Headbutt          |     8 |     7 |    97 |   227 |   175 |   297 |   181 ||   992
         Punch             |     1 |     1 |     5 |    10 |       |       |       ||    17
         Quarterstaff      |       |       |       |     8 |       |       |       ||     8
         Executioner's axe |       |       |       |       |   327 |       |       ||   327
         Battleaxe         |       |       |       |       |   119 |       |       ||   119
         Broad axe         |       |       |       |       |   337 |  1232 |   636 ||  2205
 Invoke: Berserk           |       |     2 |     2 |     5 |     3 |     2 |     4 ||    18
         Trog's Hand       |       |     1 |     2 |     3 |     4 |     6 |     6 ||    22
         Brothers in Arms  |       |       |       |       |       |     1 |     2 ||     3
  Evoke: Wand              |       |       |       |       |       |       |     1 ||     1
    Use: Scroll            |       |       |       |     8 |    10 |    10 |     1 ||    29
         Potion            |       |       |       |     7 |       |     1 |     6 ||    14
   Stab: Confused          |       |       |       |       |     2 |       |       ||     2
         Held in net/web   |       |       |       |       |       |     1 |       ||     1
         Sleeping          |       |       |       |       |       |       |     5 ||     5
 Armour: Animal skin       |     7 |       |       |       |    40 |       |       ||    47
         Ring mail         |    52 |    60 |     9 |       |       |       |       ||   121
         Chain mail        |       |       |   325 |   618 |    61 |       |       ||  1004
         Scale mail        |       |       |       |       |   659 |   699 |   451 ||  1809
  Dodge: Dodged            |    49 |    44 |   233 |   435 |   733 |   514 |   341 ||  2349
  Block: Kite shield       |       |       |       |    85 |   355 |   856 |       ||  1296
         Reflection        |       |       |       |       |    59 |    31 |    25 ||   115
         Other             |       |       |       |       |     9 |       |       ||     9
         Buckler           |       |       |       |       |       |    42 |   323 ||   365
